 Dungeon Crawl Stone Soup version 0.25-a0-310-g60f0ac2d9a (webtiles) character file.

Game seed: 14697213704106733125, levelgen mode: deterministic

57 Glalom the Grave Robber (level 3, 0/24 HPs)
             Began as a Vampire Necromancer on Dec 23, 2019.
             Slain by an adder (4 damage)
             ... on level 2 of the Dungeon.
             The game lasted 00:04:02 (1480 turns).

Glalom the Grave Robber (Vampire Necromancer)       Turns: 1480, Time: 00:04:03

Health: 0/24       AC:  2    Str:  7    XL:     3   Next: 73%
Magic:  6/6        EV: 12    Int: 18    God:
Gold:   83         SH:  0    Dex: 14    Spells: 4/6 levels left

rFire    . . .     SeeInvis +   f - +0 dagger
rCold    . . .     Gourm    .   (no shield)
rNeg     . . .     Faith    .   a - +0 robe
rPois    .         Spirit   .   (no helmet)
rElec    .         Reflect  .   (no cloak)
rCorr    .         Harm     .   (no gloves)
MR       .....                  (no boots)
Stlth    ++........             (no amulet)
HPRegen  0.28/turn              (no ring)
MPRegen  0.10/turn              (no ring)

@: regenerating quickly
A: no food, fangs 3, see invisible, unbreathing
a: Exsanguinate


You were on level 2 of the Dungeon.
You were alive.

You visited 1 branch of the dungeon, and saw 2 of its levels.

You collected 83 gold pieces.

Inventory:

Hand Weapons
 f - a +0 dagger (weapon)
Missiles
 d - 19 poisoned darts (quivered)
Armour
 a - a +0 robe (worn)
Scrolls
 b - a scroll of teleportation {unknown}
 c - 3 scrolls of identify {unknown}
 e - a scroll of fog {unknown}
 h - a scroll of magic mapping {unknown}
 j - a scroll of enchant armour {unknown}
 l - a scroll of fear {unknown}
Potions
 g - a potion of berserk rage {unknown}
 i - a potion of haste {unknown}
 k - a potion of mutation {unknown}


   Skills:
 - Level 2.1 Dodging
 - Level 3.0 Stealth
 - Level 2.0 Spellcasting
 + Level 6.0 Necromancy


You had 4 spell levels left.
You knew the following spells:

 Your Spells              Type           Power        Failure   Level  Hunger
a - Pain                  Necr           ###.         1%          1    N/A
b - Animate Skeleton      Necr           N/A          1%          1    N/A

Your spell library contained the following spells:

 Spells                   Type           Power        Failure   Level  Hunger
 Vampiric Draining        Necr           ###.......   4%          3    N/A
 Regeneration             Chrm/Necr      ##........   16%         3    N/A
 Animate Dead             Necr           N/A          16%         4    N/A

Dungeon Overview and Level Annotations

Branches:
Dungeon (2/15)

Altars:


Innate Abilities, Weirdness & Mutations

You do not eat.
Your natural rate of healing is unusually fast.
You have razor-sharp teeth.
You have supernaturally acute eyesight. (SInv)
You can survive without breathing.


Message History

You open the door.
The giant cockroach bites you but does no damage.
The giant cockroach barely misses you.
There is an open door here.
The giant cockroach bites you.
* * * LOW HITPOINT WARNING * * *
The giant cockroach bites you but does no damage.
The giant cockroach bites you.
* * * LOW HITPOINT WARNING * * *
There is a stone staircase leading down here.
Found a faded altar of an unknown god.
The giant cockroach bites you.
* * * LOW HITPOINT WARNING * * *
The adder bites you but does no damage. The adder bites you.
* * * LOW HITPOINT WARNING * * *
There is a stone staircase leading up here.
The adder misses you. The adder barely misses you.
The adder bites you but does no damage. The adder bites you.
You die...

. ....#....#.
.#..........
...#....... #.......
###+####.....#+#######
#......s.......>......
#..(...#.#.......#####
#.....s...............
###..@S..#...).......#
#...S###...........#
#..................#
#......)...........#
#...........########
#...........########
#...............##..
#........#......##..
##.......#......##..


You could see 2 adders and 2 giant cockroaches.

Vanquished Creatures
  3 adders
  A dart slug (D:2)
  A bat (D:1)
  3 goblins
  4 hobgoblins
  2 quokkas
  10 frilled lizards
  A kobold (D:1)
  A rat (D:1)
26 creatures vanquished.

Vanquished Creatures (collateral kills)
  An ooze (D:2)
  A rat (D:2)
2 creatures vanquished.

Grand Total: 28 creatures vanquished

Notes
Turn   | Place    | Note
-------+----------+-------------------------------------------
     0 | D:1      | Glalom the Vampire Necromancer began the quest for the Orb.
     0 | D:1      | Reached XP level 1. HP: 13/13 MP: 3/3
   272 | D:1      | Reached XP level 2. HP: 19/19 MP: 1/5
   281 | D:1      | Learned a level 1 spell: Animate Skeleton
   448 | D:1      | Reached skill level 5 in Necromancy
  1058 | D:2      | Reached XP level 3. HP: 24/24 MP: 3/6
  1419 | D:2      | Reached skill level 6 in Necromancy
  1471 | D:2      | Found a faded altar of an unknown god.
  1480 | D:2      | Slain by an adder

Levels and vault maps discovered:
D:1:      lemuel_arrival_lava_pool, layout_basic,
          chequers_serial_rivers_small_a, hex_large, minmay_misc_feat_plants,
          wad_floor_pattern_untrapped, minmay_lizard_pond
D:2:      layout_basic, first_ration, chequers_ecumenical_altar_simple

Skill      XL: |  1  2  3 |
---------------+----------+-----
Necromancy     | 5 6 |  6.0
Dodging        | |  2.1
Stealth        | |  3.0
Spellcasting   | |  2.0

Action                   || total
-------------------------++-------
Melee: Dagger            ||    30
       Bite              ||     2
 Cast: Pain              ||    40
       Animate Skeleton  ||    10
 Abil: Exsanguinate      ||     1
Armor: Robe              ||    12
Dodge: Dodged            ||    30

Table legend:
 A = Non-vault XP
 B = Vault XP
 C = Vault XP percentage of total XP
 D = Non-vault monster count
 E = Vault monster count
 F = Vault count percentage of total count
                 A         B        C        D         E       F
            +---------+---------+-------+---------+---------+-------
      Total |      73 |       9 |  11.0 |      19 |       9 |  32.1
            +---------+---------+-------+---------+---------+-------
        D:1 |      26 |       9 |  25.7 |       9 |       9 |  50.0
        D:2 |      47 |       0 |   0.0 |      10 |       0 |   0.0
            +---------+---------+-------+---------+---------+-------
